 Dungeon Crawl Stone Soup version 0.22-a0-443-g17c3723 (webtiles) character file.

506 Gorglomux the Shield-Bearer (level 7, 0/44 HPs)
             Began as a Gargoyle Fighter on June 1, 2018.
             Slain by an orc priest
             ... wielding a +0 whip
              (1 damage)
             ... on level 5 of the Dungeon.
             The game lasted 00:01:21 (2451 turns).

Gorglomux the Shield-Bearer (Gargoyle Fighter)      Turns: 2451, Time: 00:01:22

Health: 0/44       AC: 15    Str: 19 (22) XL:     7   Next: 18%
Magic:  7/7        EV:  5    Int:  7 (8)  God:
Gold:   185        SH:  9    Dex:  8 (9)  Spells: 6/6 levels left

rFire    . . .     SeeInvis .   a - +0 war axe
rCold    . . .     Gourm    .   c - +0 shield
rNeg     + . .     Faith    .   w - +0 chain mail
rPois    ∞         Spirit   .   (no helmet)
rElec    +         Reflect  .   (no cloak)
rCorr    .         Harm     .   s - +0 pair of gloves
MR       .....                  (no boots)
Stlth    ..........             (no amulet)
HPRegen  0.14/turn              (no ring)
MPRegen  0.10/turn              (no ring)

@: very slightly contaminated
A: negative energy resistance 1, electricity resistance, unbreathing,
petrification resistance, rot immunity, AC +4
a: no special abilities


You were on level 5 of the Dungeon.
You were not hungry.

You visited 1 branch of the dungeon, and saw 5 of its levels.

You collected 185 gold pieces.

Inventory:

Hand Weapons
 a - a +0 war axe (weapon)
Armour
 c - a +0 shield (worn)
 s - a +0 pair of gloves (worn)
 w - a +0 chain mail (worn)
Jewellery
 t - an uncursed ring of see invisible {unknown}
Scrolls
 i - 4 scrolls of teleportation {unknown}
 k - 2 scrolls of magic mapping {unknown}
 n - 2 scrolls of identify {unknown}
 p - 3 scrolls of remove curse {unknown}
 q - 2 scrolls of enchant armour {unknown}
 r - 2 scrolls of fear {unknown}
 u - a scroll of blinking {unknown}
 x - 2 scrolls of immolation {unknown}
 y - a scroll of fog {unknown}
 R - a scroll of enchant weapon {unknown}
Potions
 d - 3 potions of might
 j - a potion of brilliance
 m - a potion of invisibility
Comestibles
 f - a ration
 z - 3 chunks of flesh


   Skills:
 + Level 5.2 Fighting
 + Level 3.7 Axes
 + Level 5.1 Armour
 + Level 5.2 Shields


You had 6 spell levels left.
You didn't know any spells.
Your spell library was empty.

Dungeon Overview and Level Annotations

Branches:
Dungeon (5/15)
 Temple: D:4-7

Altars:
Fedhas
Hepliaklqana
Nemelex Xobeh
Yredelemnul

Shops:
D:4 }


Innate Abilities, Weirdness & Mutations

You are resistant to torment.
Your stone body is resilient. (AC +4)
You are immune to poison.
You resist negative energy. (rN+)
You are resistant to electric shocks. (rElec)
You can survive without breathing.
You are immune to petrification.
You are immune to rotting.


Message History

The orc priest is moderately wounded!
You feel butts wooden!
Your +0 pair of gloves unmelds from your body!
Your +0 chain mail unmelds from your body!
The orc priest invokes the aid of Beogh against you!
Pain shoots through your body!!! * * * don't die
* * * Unknown command!
Butt was a potion of degeneration!
There was something very wrong with that liquid!
You feel weakened!
You feel dopey!
You feel clumsy!
The orc priest hits you but does no damage!
You closely miss the orc priest!
The orc priest is moderately wounded!
The orc priest completely misses butt!
The orc priest hits you but does butt damage!
Your chain mail prevents you from hitting the orc priest!
The orc priest is moderately wounded!
The orc priest hits you with a whip! rip

#
#####.####
.....5o@<#
#####.##.#
# #.# #.#
#.# #.#
#.# #.#


You could see an orc priest and a crimson imp.

Vanquished Creatures
  2 hounds (D:4)
  A centaur zombie (D:4)
  2 orc priests
  A bullfrog skeleton (D:4)
  An iguana (D:4)
  2 orc wizards (D:4)
  2 worker ants (D:4)
  A hound skeleton (D:4)
  A howler monkey skeleton (D:4)
  8 adders
  An ooze (D:3)
  An adder skeleton (D:4)
  3 worms
  3 dart slugs
  5 leopard geckos
  10 orcs
  A ball python (D:3)
  2 giant cockroaches (D:2)
  5 goblins
  4 hobgoblins
  11 jackals
  2 kobolds
  A quokka (D:2)
  7 bats
  4 frilled lizards (D:3)
  3 rats
84 creatures vanquished.

Notes
Turn   | Place    | Note
-------+----------+-------------------------------------------
     0 | D:1      | Gorglomux the Gargoyle Fighter began the quest for the Orb.
     0 | D:1      | Reached XP level 1. HP: 14/14 MP: 1/1
   312 | D:1      | Reached XP level 2. HP: 19/19 MP: 2/2
   661 | D:2      | Reached XP level 3. HP: 23/23 MP: 3/3
   791 | D:2      | Found a sparkling altar of Nemelex Xobeh.
   856 | D:3      | Reached XP level 4. HP: 15/29 MP: 4/4
  1425 | D:4      | Reached XP level 5. HP: 28/33 MP: 5/5
  1547 | D:4      | Reached skill level 3 in Axes
  1673 | D:4      | Found Oremped's Gadget Boutique.
  1802 | D:4      | Reached XP level 6. HP: 39/39 MP: 6/6
  2266 | D:4      | Found a blossoming altar of Fedhas.
  2267 | D:4      | Found a hazy altar of Hepliaklqana.
  2269 | D:4      | Found a basalt altar of Yredelemnul.
  2379 | D:4      | Reached XP level 7. HP: 39/44 MP: 7/7
  2410 | D:5      | Entered Level 5 of the Dungeon
  2448 | D:5      | HP: 1/44 [orc priest/nerve-wracking pain (7)]
  2451 | D:5      | Slain by an orc priest

Vault maps used:
D:1:      dpeg_arrival_refuge
D:2:      nemelex_xobeh_ov_fountains_minmay
D:4:      grunt_temple_overflow_open, serial_shops, kennysheep_mini_moat
D:5:      serial_shops, nicolae_shop_stone, first_ration, basic_altar,
          uniq_sigmund

Skill      XL: |  1  2  3  4  5  6 |
---------------+-------------------+-----
Axes           | 2 3 |  3.7
Fighting       | 4 5 |  5.2
Shields        | 4 5 |  5.2
Armour         | 4 5 |  5.1

Action                   |  1- 3 |  4- 6 |  7- 9 || total
-------------------------+-------+-------+-------++-------
Melee: War axe           |    89 |   215 |    40 ||   344
  Use: Potion            |       |     2 |     4 ||     6
  Eat: Chunk             |       |     5 |     1 ||     6
Armor: Scale mail        |    76 |    10 |       ||    86
       Chain mail        |       |   150 |    13 ||   163
       Skin              |       |       |     8 ||     8
Dodge: Dodged            |    30 |    76 |     5 ||   111
Block: Shield            |    72 |   137 |    34 ||   243

Table legend:
 A = Spawn XP
 B = Non-spawn XP
 C = Spawn XP percentage of total XP
 D = Spawn monster count
 E = Non-spawn monster count
 F = Spawn count percentage of total count
 G = Total turns spent on level
                    A         B        C        D         E        F      G
               +---------+---------+-------+---------+---------+-------+---------
         Total |       0 |     723 |   0.0 |       0 |      84 |   0.0 |  2451
               +---------+---------+-------+---------+---------+-------+---------
           D:1 |       0 |      28 |   0.0 |       0 |      14 |   0.0 |   534
           D:2 |       0 |      28 |   0.0 |       0 |       7 |   0.0 |   294
           D:3 |       0 |      97 |   0.0 |       0 |      25 |   0.0 |   583
           D:4 |       0 |     521 |   0.0 |       0 |      34 |   0.0 |   999
           D:5 |       0 |      49 |   0.0 |       0 |       4 |   0.0 |    41
               +---------+---------+-------+---------+---------+-------+---------
